 Dungeon Crawl Stone Soup version 0.30-a0-358-g0d69a1922f (webtiles) character file.

Game seed: 1526690048976204375

308 LutherGrant the Shield-Bearer (level 6, -13/33 HPs)
             Began as a Vine Stalker Fighter on Nov 8, 2022.
             Was an Initiate of Ru.
             Killed from afar by Ijyb (18 damage)
             ... with a bolt of light
             ... on level 3 of the Dungeon.
             The game lasted 00:05:22 (2259 turns).

LutherGrant the Shield-Bearer (VSFi)                Turns: 2259, Time: 00:05:22

Health: -13/33     AC:  9    Str: 20    XL:     6   Next: 40%
Magic:  0/7        EV:  8    Int:  8    God:    Ru [......]
Gold:   125        SH:  0    Dex: 14    Spells: 5/5 levels left

rFire   . . .      SeeInvis .    a - +0 long sword
rCold   . . .      Faith    .    p - orb {*Rage}
rNeg    . . .      Spirit   +    s - +0 chain mail
rPois   .          Reflect  .    (no helmet)
rElec   .          Harm     .    (no cloak)
rCorr   .          Rampage  .    (no gloves)
Will    .....      Rage     20%  (no boots)
Stlth   ..........               (no amulet)
HPRegen 1.05/turn                (no ring)
MPRegen 0.10/turn                (no ring)

@: no status effects
A: fangs 2, regeneration 1, magic shield, antimagic bite, no potion heal 2
a: Renounce Religion


You were on level 3 of the Dungeon.
You worshipped Ru.
Ru was noncommittal.
You visited 1 branch of the dungeon, and saw 3 of its levels.

You collected 125 gold pieces.

Inventory:

Hand Weapons
 a - a +0 long sword (weapon)
Armour
 b - a +0 scale mail
 c - a +0 buckler
 p - an orb of wrath (worn)
 s - a +0 chain mail (worn)
Jewellery
 h - a +6 ring of intelligence
Wands
 r - a wand of digging (1)
Scrolls
 e - 4 scrolls of identify {unknown}
 f - a scroll of immolation {unknown}
 i - 2 scrolls of teleportation {unknown}
 m - a scroll of enchant weapon {unknown}
 q - a scroll of butterflies {unknown}
 t - a scroll of blinking {unknown}
Potions
 d - 2 potions of might
 g - a potion of magic {unknown}
 j - 2 potions of mutation {unknown}
 k - a potion of ambrosia {unknown}
 l - a potion of attraction {unknown}
 n - a potion of resistance {unknown}
 o - a potion of heal wounds {unknown}
 u - a potion of flight {unknown}


   Skills:
 + Level 3.9 Fighting
 - Level 1.9 Long Blades
 + Level 3.5 Armour
 + Level 2.2 Dodging
 + Level 3.9 Shields


You had 5 spell levels left.
You didn't know any spells.
Your spell library was empty.

Dungeon Overview and Level Annotations

Branches:
Dungeon (3/15)

Altars:
Ru

Annotations:
D:3 Ijyb


Innate Abilities, Weirdness & Mutations

You have extremely sharp teeth.
Your natural rate of healing is unusually fast.
When hurt, damage is shared between your health and your magic reserves.
Your bite disrupts and absorbs the magic of your enemies.
Potions cannot restore your health.


Message History

You feel yourself slow down.
You start resting.
HP restored.
You start waiting.
You feel yourself speed up.
Things that are here:
a +0 scythe; a +0 robe You start waiting.
You recover from your berserk rage.
Found a cloak.
t - a scroll labelled NIUG ACROAK
u - a lumpy inky potion
Found a stone staircase leading down.
There is a stone staircase leading down here.
Ijyb the Twisted Goblin comes into view.
She is wielding a +0 dagger and carrying a wand of light (7).
Ijyb shouts!
Ijyb zaps a wand.
The bolt of light hits you!
Ijyb zaps a wand.
The bolt of light hits you!
You are too injured to fight recklessly!
You are too injured to fight recklessly!
Ijyb hits you but does no damage.
You closely miss Ijyb. Your bite misses Ijyb.
Ijyb zaps a wand.
The bolt of light hits you.
You hit Ijyb but do no damage. Ijyb hits you but does no damage.
You closely miss Ijyb. You bite Ijyb, but do no damage.
Ijyb zaps a wand.
The bolt of light hits you!!
Ouch! That really hurt!
* * * LOW HITPOINT WARNING * * *
You slash Ijyb! You bite Ijyb, but do no damage.
Ijyb is moderately wounded.
Ijyb misses you. Ijyb hits you but does no damage.
You hit Ijyb. Your bite misses Ijyb.
Ijyb is heavily wounded.
Ijyb screams, "I dance on your bones!"
Ijyb zaps a wand.
The bolt of light misses you.
You hit Ijyb but do no damage. You bite Ijyb, but do no damage.
Ijyb is heavily wounded.
Ijyb zaps a wand.
The bolt of light hits you!!
Ouch! That really hurt!
You die...

#........##.##..##....#
#####.<...............#
#.......##......#..|#..
...####..######..#..##..
...........####..#####..
###....................
#.......#########....
###########............
#....g@.....###########
...########### #


You could see Ijyb.

Vanquished Creatures
  Sigmund (D:3)
  Terence (D:3)
  A gnoll (D:1)
  5 adders
  A worm (D:3)
  2 dart slugs
  3 orcs (D:3)
  5 ball pythons
  7 endoplasms
  A giant cockroach (D:1)
  4 goblins
  3 hobgoblins
  5 jackals
  A quokka (D:1)
  3 bats (D:3)
  12 frilled lizards
  6 kobolds
  7 rats
68 creatures vanquished.

Notes
Turn   | Place    | Note
-------+----------+-------------------------------------------
     0 | D:1      | LutherGrant the Vine Stalker Fighter began the quest for
                  | the Orb.
     0 | D:1      | Reached XP level 1. HP: 11/11 MP: 2/2
    57 | D:1      | Reached XP level 2. HP: 15/16 MP: 1/3
   161 | D:1      | Reached XP level 3. HP: 20/20 MP: 4/4
   790 | D:2      | Reached skill level 1 in Dodging
   790 | D:2      | Gained mutation: Your natural rate of healing is unusually
                  | fast. [Vine Stalker growth]
   790 | D:2      | Reached XP level 4. HP: 24/24 MP: 5/5
  1747 | D:3      | Noticed Terence
  1758 | D:3      | Killed Terence
  1759 | D:3      | Reached XP level 5. HP: 19/28 MP: 3/6
  1928 | D:3      | Found a sacrificial altar of Ru.
  2007 | D:3      | Became a worshipper of Ru the Awakened
  2045 | D:3      | Noticed Sigmund
  2090 | D:3      | Killed Sigmund
  2091 | D:3      | Reached XP level 6. HP: 33/33 MP: 5/7
  2249 | D:3      | Noticed Ijyb
  2256 | D:3      | HP: 1/33 [Ijyb/bolt of light (17)]
  2259 | D:3      | Killed from afar by Ijyb

Illustrated notes

Levels and vault maps discovered:
D:1:      scummos_arrival_star, layout_basic
D:2:      layout_loops_cross, hangedman_decor_slide_cut, minmay_lizard_pond
D:3:      layout_rooms, mainiacjoe_overflow_surrounded_room,
          small_statue_intersection, uniq_ijyb, uniq_sigmund, uniq_terence

Skill      XL: |  1  2  3  4  5 |
---------------+----------------+-----
Fighting       | 3 |  3.9
Shields        | 3 |  3.9
Dodging        | 1 2 |  2.2
Armour         | 3 |  3.5
Long Blades    | |  1.9

Action                   |  1- 3 |  4- 6 || total
-------------------------+-------+-------++-------
Melee: Long sword        |    76 |   100 ||   176
       Bite              |    13 |    26 ||    39
Armor: Scale mail        |    35 |    26 ||    61
       Chain mail        |       |    17 ||    17
Dodge: Dodged            |    24 |    42 ||    66
Block: Buckler           |    15 |     1 ||    16

Table legend: (Time is in decaauts)
 A = Elapsed time spent in this place.
 B = Non-inter-level travel time spent in this place.
 C = Inter-level travel time spent in this place.
 D = Time resting spent in this place.
 E = Time spent auto-exploring this place.
 F = Levels seen in this place.
 G = Mean time per level.
                   A        B        C        D        E       F      G
               +--------+--------+--------+--------+--------+-----+--------+
         Total |   2411 |   2360 |     51 |    447 |   1401 |   3 |  803.7 |
       Dungeon |   2411 |   2360 |     51 |    447 |   1401 |   3 |  803.7 |
               +--------+--------+--------+--------+--------+-----+--------+

Top non-repeatable levels by time:
     D:3: 935 daAuts
     D:2: 836 daAuts
     D:1: 639 daAuts
